[Event "Titled Tuesday Blitz February 28 Early 2023"]
[White "Aydincelebi, Kagan"]
[Black "Balla, Tamas-Kristof"]
[WhiteFideId "6361102"]
[BlackFideId "1208497"]
[WhiteElo "2180"]
[BlackElo "2334"]
[Result "1-0"]
[Round "11"]
[TimeControl "180+2"]
[Date "2023.02.28"]
[WhiteClock "0:00:23"]
[BlackClock "0:00:06"]

1. e4 c5 2. Nf3 Nc6 3. d4 cxd4 4. Nxd4 e5 5. Nxc6 bxc6 6. Nc3 Bb4 7. Bc4 h6 8. O-O Nf6 9. Qd3 O-O 10. f4 Qe7 11. fxe5 Qxe5 12. Rf5 Qe7 13. e5 Ng4 14. Ne4 Bc5+ 15. Kh1 Qh4 16. Bf4 d5 17. Nxc5 dxc4 18. Qxc4 Bxf5 19. Rf1 Rad8 20. Nb7 Rd1 21. Kg1 Rxf1+ 22. Qxf1 Be6 23. h3 Qe7 24. Nd6 Nxe5 25. Bxe5 Bd5 26. Qf4 f6 27. Bc3 Rd8 28. Bb4 Qe5 29. Qxe5 fxe5 30. Nf5 Be4 31. Ne3 Bd5 32. b3 e4 33. Bc5 a6 34. Kf2 Kh7 35. Kg3 Rd7 36. Kf4 Rf7+ 37. Ke5 Rf2 38. c4 Bf7 39. Kxe4 Rxa2 40. Ke5 Rb2 41. b4 Rb3 42. Kd6 Be8 43. Nf5 Rb2 44. g4 Rh2 45. Ke7 Bg6 46. Nd4 Rxh3 47. Nxc6 Rh4 48. Ne5 Be4 49. Bd6 h5 50. g5 Rh1 51. c5 Rc1 52. Kd7 h4 53. c6 h3 54. c7 h2 55. g6+ Kh6 56. Ng4+ Kh5 57. Nxh2 Bf5+ 58. Kd8 Rc2 59. Nf3 Kxg6 60. Nd4 Rc3 61. Nxf5 Kxf5 62. c8=Q+ Rxc8+ 63. Kxc8 g5 64. Kb7 g4 65. Kxa6 Ke4 66. b5 Kd5 67. Bg3 Ke6 68. b6 Kd7 69. b7 Kc6 70. b8=Q 1-0


[Site "https://www.chess.com"]

[Event "Titled Tuesday Blitz February 28 Early 2023"]
[White "Cheng, Xiao"]
[Black "Belozerov, Andrei"]
[WhiteFideId "2022915"]
[BlackFideId "4120213"]
[WhiteElo "2489"]
[BlackElo "2360"]
[Result "1/2-1/2"]
[Round "11"]
[TimeControl "180+2"]
[Date "2023.02.28"]
[WhiteClock "0:00:51"]
[BlackClock "0:00:10"]

1. e4 c5 2. Nf3 Nc6 3. d4 cxd4 4. Nxd4 g6 5. c4 Bg7 6. Nc2 Nf6 7. Nc3 d6 8. Be2 Nd7 9. O-O Nc5 10. f3 O-O 11. Kh1 f5 12. exf5 Bxf5 13. Ne3 Qd7 14. Ncd5 e6 15. Nxf5 gxf5 16. Ne3 Kh8 17. Rb1 a5 18. b3 Rg8 19. a3 Bd4 20. f4 Ne4 21. Bf3 Qg7 22. Qe2 Nc3 23. Qc2 Nxb1 24. Qxb1 Ne7 25. Bxb7 Rab8 26. Bf3 Ng6 27. Nc2 Bf6 28. b4 Nh4 29. Ne1 axb4 30. axb4 Nxf3 31. Rxf3 Rgc8 32. Qb3 Qc7 33. c5 dxc5 34. Qxe6 Rb6 35. Qxf5 cxb4 36. Be3 Rc6 37. Bd2 Qe7 38. Re3 Qd6 39. Rd3 Qe6 40. Qxe6 Rxe6 41. Bxb4 Rc1 42. h3 Rcxe1+ 43. Bxe1 Rxe1+ 44. Kh2 Kg7 45. Kg3 Re2 46. Kf3 Ra2 47. g4 Rh2 48. Kg3 Ra2 49. g5 Be7 50. h4 h5 51. Re3 Kf7 52. f5 Ra4 53. g6+ Kf6 54. Re6+ Kxf5 55. Rxe7 Rg4+ 56. Kh3 Kxg6 57. Re5 Ra4 58. Rg5+ Kh6 59. Kg3 Ra3+ 60. Kg2 Rb3 61. Rc5 Rb4 62. Rc6+ Kg7 63. Kg3 Rg4+ 64. Kh3 Rd4 65. Rc5 Kg6 66. Rg5+ Kh6 67. Rg3 Ra4 68. Rb3 Kg6 69. Rc3 1/2-1/2


[Site "https://www.chess.com"]

[Event "Titled Tuesday Blitz February 28 Early 2023"]
[White "Spata, German"]
[Black "Fieberg, Samuel"]
[WhiteFideId "113026"]
[BlackFideId "12901717"]
[WhiteElo "2238"]
[BlackElo "2470"]
[Result "1-0"]
[Round "11"]
[TimeControl "180+2"]
[Date "2023.02.28"]
[WhiteClock "0:00:05"]
[BlackClock "0:00:12"]

1. Nf3 e6 2. d4 d5 3. c4 c5 4. cxd5 exd5 5. Nc3 Nf6 6. Bg5 Be6 7. e3 c4 8. Be2 h6 9. Bh4 Nc6 10. O-O g5 11. Bg3 Bd6 12. Ne5 h5 13. f4 h4 14. Be1 h3 15. g3 Bxe5 16. fxe5 Ne4 17. Nxe4 dxe4 18. Qa4 Qd5 19. b3 b5 20. Qa6 O-O 21. bxc4 bxc4 22. Rc1 Nxd4 23. Bxc4 Qxe5 24. exd4 Qxd4+ 25. Bf2 e3 26. Bxe6 exf2+ 27. Rxf2 fxe6 28. Qxe6+ Kh8 29. Qxh3+ Kg8 30. Qe6+ Kh8 31. Qh6+ Kg8 32. Qxg5+ Kh8 33. Qd2 Qb6 34. Qb2+ Qxb2 35. Rxb2 a5 36. Rc5 Rf7 37. Rbc2 Kg7 38. Rc7 Rb8 39. Kg2 a4 40. Kh3 a3 41. Rxf7+ Kxf7 42. Rc3 Rh8+ 43. Kg2 Ra8 44. h4 Ke6 45. Kh3 Kd5 46. h5 Kd4 47. Rb3 Ke4 48. Kh4 Ra6 49. g4 Kf4 50. Rb4+ Kf3 51. g5 Ke2 52. g6 Kd2 53. g7 Ra8 54. h6 Kc3 55. Rb3+ Kc4 56. h7 Rb8 57. g8=Q+ Kd4 58. Qxb8 Kc5 59. Qb5+ Kd4 60. Rd3+ Ke4 61. Qd5+ Kf4 62. Rf3# 1-0


[Site "https://www.chess.com"]

[Event "Titled Tuesday Blitz February 28 Early 2023"]
[White "Rodriguez Fontecha, Marcos"]
[Black "Shuvalova, Polina"]
[WhiteFideId "2256576"]
[BlackFideId "24171760"]
[WhiteElo "2263"]
[BlackElo "2330"]
[Result "0-1"]
[Round "11"]
[TimeControl "180+2"]
[Date "2023.02.28"]
[WhiteClock "0:00:03"]
[BlackClock "0:00:04"]

1. d4 Nf6 2. Nf3 d5 3. g3 g6 4. Bg2 Bg7 5. O-O O-O 6. c4 e6 7. Nc3 c6 8. Ne5 Nbd7 9. Bf4 Nh5 10. Nxd7 Bxd7 11. Bd6 Re8 12. c5 e5 13. dxe5 Bxe5 14. Bxe5 Rxe5 15. e3 Nf6 16. Qd4 Qe7 17. b4 Bf5 18. Rfe1 Re8 19. b5 Ne4 20. Rac1 h5 21. bxc6 bxc6 22. Ne2 Ng5 23. Nf4 Be4 24. Nd3 Rf5 25. f4 Ne6 26. Qc3 Bxg2 27. Kxg2 g5 28. h3 Rf6 29. Ne5 Ng7 30. Nf3 Nf5 31. fxg5 Re6 32. Kh2 Nxe3 33. Nd4 Re4 34. Nxc6 Qxg5 35. Nd4 h4 36. g4 Qf4+ 37. Kg1 Qg3+ 0-1


[Site "https://www.chess.com"]

[Event "Titled Tuesday Blitz February 28 Early 2023"]
[White "Manukyan, Sargis A."]
[Black "Vivas Zamora, Fabian Ernesto"]
[WhiteFideId "13303970"]
[BlackFideId "3902480"]
[WhiteElo "2187"]
[BlackElo "2262"]
[Result "1-0"]
[Round "11"]
[TimeControl "180+2"]
[Date "2023.02.28"]
[WhiteClock "0:00:58"]
[BlackClock "0:00:06"]

1. d4 Nf6 2. e3 g6 3. Nf3 Bg7 4. Be2 O-O 5. O-O b6 6. b3 Bb7 7. Bb2 c5 8. Nbd2 e6 9. c4 Nc6 10. a3 Qe7 11. Qc2 Rac8 12. dxc5 bxc5 13. Rfd1 d6 14. Nf1 Rfd8 15. Ng3 h5 16. Rac1 e5 17. Ng5 Ng4 18. Bxg4 hxg4 19. N5e4 f5 20. Nc3 Qh4 21. Nd5 Ne7 22. Nxe7+ Qxe7 23. Rd2 Qc7 24. Rcd1 Qc6 25. Rd5 Qb6 26. R5d2 Qc6 27. Rd5 Qb6 28. h3 gxh3 29. gxh3 Bxd5 30. Rxd5 Rb8 31. h4 Qxb3 32. Qe2 Qxb2 33. Qf3 Qc1+ 34. Kg2 Qxc4 35. h5 e4 36. Qf4 Qxd5 37. hxg6 Qe5 38. Qh4 Qf6 39. Qh5 f4 40. Nf5 Kf8 41. exf4 Rb2 42. Kg3 d5 43. Ne3 Rb3 44. Kg2 d4 45. Ng4 Qxf4 46. Qh4 Qf3+ 47. Kh2 Qf4+ 48. Kg2 e3 49. Qxd8# 1-0


[Site "https://www.chess.com"]

[Event "Titled Tuesday Blitz February 28 Early 2023"]
[White "Bas Mas, Jose Joaquin"]
[Black "Yaran, Siar"]
[WhiteFideId "22219064"]
[BlackFideId "6323006"]
[WhiteElo "2233"]
[BlackElo "2191"]
[Result "0-1"]
[Round "11"]
[TimeControl "180+2"]
[Date "2023.02.28"]
[WhiteClock "0:00:44"]
[BlackClock "0:01:02"]

1. e4 e5 2. Bc4 Nf6 3. d3 Bc5 4. Nc3 d6 5. h3 Nc6 6. Nge2 h6 7. a3 a6 8. Ng3 Be6 9. O-O Qd7 10. Nd5 Bxd5 11. exd5 Ne7 12. Qf3 Nh7 13. c3 O-O 14. b4 Ba7 15. Be3 f5 16. Bxa7 Rxa7 17. Rae1 Raa8 18. Ne2 Kh8 19. g3 Rf6 20. Kg2 Raf8 21. h4 Ng6 22. Qh5 f4 23. Ng1 Qf7 24. d4 fxg3 25. fxg3 Nf4+ 0-1


[Site "https://www.chess.com"]

[Event "Titled Tuesday Blitz February 28 Early 2023"]
[White "Avazkhonov, Alikhon"]
[Black "Djokovic, Nebojsa"]
[WhiteFideId "14208504"]
[BlackFideId "938300"]
[WhiteElo "1739"]
[BlackElo "2578"]
[Result "1-0"]
[Round "11"]
[TimeControl "180+2"]
[Date "2023.02.28"]
[WhiteClock "0:00:10"]
[BlackClock "0:00:01"]

1. d4 e6 2. c4 Nf6 3. Nc3 Bb4 4. e3 O-O 5. Bd2 b6 6. Nf3 Bb7 7. Bd3 a5 8. O-O Bxc3 9. Bxc3 Ne4 10. Bxe4 Bxe4 11. d5 exd5 12. Qd4 f6 13. cxd5 Bxf3 14. gxf3 d6 15. Kh1 Nd7 16. Rg1 Kh8 17. Rg3 Rf7 18. Rag1 Qe7 19. Qh4 Ne5 20. e4 Raf8 21. f4 Nd3 22. Re3 Nc5 23. Rge1 c6 24. dxc6 Qc7 25. Rh3 h6 26. Rg1 Nxe4 27. Rg6 Nxf2+ 28. Qxf2 Qxc6+ 29. Qg2 Qxg2+ 30. Kxg2 Re8 31. Rd3 Rd7 32. Rgg3 d5 33. Rge3 Red8 34. Bd4 Kh7 35. Rc3 Rb8 36. Rc6 b5 37. f5 b4 38. Ra6 Rc7 39. Rxa5 Rc2+ 40. Kg3 Rbc8 41. Ra7 R8c4 42. Bxf6 Kg8 43. Re8+ Kh7 44. Rxg7# 1-0


[Site "https://www.chess.com"]

[Event "Titled Tuesday Blitz February 28 Early 2023"]
[White "Devaev, Alexander"]
[Black "Kopczynski, Michal"]
[WhiteFideId "4169395"]
[BlackFideId "1124200"]
[WhiteElo "2225"]
[BlackElo "2212"]
[Result "0-1"]
[Round "11"]
[TimeControl "180+2"]
[Date "2023.02.28"]
[WhiteClock "0:01:05"]
[BlackClock "0:01:19"]

1. d4 Nf6 2. c4 g6 3. Nc3 Bg7 4. e4 d6 5. Nf3 O-O 6. h3 e5 7. d5 Ne8 8. g4 c5 9. Rg1 Na6 10. Bg5 f6 11. Be3 Nac7 12. h4 a6 13. h5 g5 14. a3 Rb8 15. b4 cxb4 16. axb4 b5 17. c5 dxc5 18. bxc5 b4 19. Na4 Nb5 20. Nd2 Nd4 21. Nb3 Nxb3 22. Qxb3 Kh8 23. f3 h6 24. Bd3 Nc7 25. Nb6 Bb7 26. d6 Nb5 27. Bxb5 axb5 28. Qxb4 f5 29. gxf5 Qe8 30. Qxb5 Qxb5 0-1


[Site "https://www.chess.com"]

[Event "Titled Tuesday Blitz February 28 Early 2023"]
[White "Jovic, Stanoje"]
[Black "Mayank Chakraborty"]
[WhiteFideId "905020"]
[BlackFideId "25659766"]
[WhiteElo "2236"]
[BlackElo "2103"]
[Result "1-0"]
[Round "11"]
[TimeControl "180+2"]
[Date "2023.02.28"]
[WhiteClock "0:00:32"]
[BlackClock "0:00:25"]

1. c4 c5 2. g3 Nc6 3. Bg2 g6 4. Nc3 Bg7 5. Nf3 Nf6 6. O-O O-O 7. d4 cxd4 8. Nxd4 d6 9. Nxc6 bxc6 10. Bxc6 Bh3 11. Bg2 Bxg2 12. Kxg2 Qc8 13. Qd3 Nd7 14. b3 Qb7+ 15. f3 Ne5 16. Qd2 Rab8 17. Rb1 Rfc8 18. Bb2 Rxc4 19. bxc4 Nxc4 20. Qd3 Nxb2 21. Rxb2 Qxb2 22. Rb1 Bxc3 23. Rxb2 Bxb2 24. Qe3 Rb7 25. Qe4 Rc7 26. Qa8+ Kg7 27. Qb8 Rc2 28. Qxa7 Rxe2+ 29. Kf1 Rxh2 30. Qxe7 Ba3 31. Qe3 Bc5 32. Qc3+ f6 33. a4 Rf2+ 34. Ke1 Rg2 35. g4 h5 36. gxh5 gxh5 37. f4 Ra2 38. Qg3+ Kf8 39. Qg6 Bd4 40. Qh6+ Kg8 41. Qg6+ Kf8 42. Qh6+ Kg8 43. Qxh5 Kg7 44. Qg4+ Kf8 45. Qe6 Rxa4 46. Qxd6+ Kg8 47. Qd8+ Kf7 48. Qd7+ Kg6 49. Qxa4 Bc3+ 50. Ke2 Kf5 51. Kf3 Be5 52. Qd7+ Kg6 53. fxe5 Kh6 54. exf6 Kg5 55. Qg7+ Kf5 56. f7 Ke6 57. f8=Q Kd5 58. Qd7+ Kc4 59. Qfc8+ Kb4 60. Qdb7+ Ka3 61. Qca8# 1-0


[Site "https://www.chess.com"]

[Event "Titled Tuesday Blitz February 28 Early 2023"]
[White "Turzo, Attila"]
[Black "Hajiyev, Kanan"]
[WhiteFideId "704954"]
[BlackFideId "13404148"]
[WhiteElo "2532"]
[BlackElo "2103"]
[Result "1-0"]
[Round "11"]
[TimeControl "180+2"]
[Date "2023.02.28"]
[WhiteClock "0:00:15"]
[BlackClock "0:00:20"]

1. e4 c6 2. d4 d5 3. exd5 cxd5 4. Bd3 Nc6 5. c3 Qc7 6. Bg5 Nf6 7. Nd2 Bg4 8. Ngf3 e6 9. Bh4 Bd6 10. Bg3 O-O 11. O-O Bxg3 12. hxg3 Rab8 13. a4 a6 14. b4 a5 15. b5 Ne7 16. c4 dxc4 17. Bxc4 b6 18. Qb3 Rfd8 19. Rac1 Qb7 20. Rfe1 Ned5 21. Ne5 Rbc8 22. Nxg4 Nxg4 23. Nf3 Qc7 24. Qb2 Qd6 25. Qb3 h5 26. Bxd5 exd5 27. Qd3 g6 28. Rc2 Rxc2 29. Qxc2 Qf6 30. Qc6 Rd6 31. Re8+ Kh7 32. Qc8 Re6 33. Rxe6 fxe6 34. Qc7+ Kh6 35. Qxb6 Qf5 36. Qxa5 Qc2 37. Qe1 Qxa4 38. Qc1+ Kg7 39. Qb1 Qa7 40. b6 Qb7 41. Nh4 Qf7 42. Qxg6+ Qxg6 43. Nxg6 Nf6 44. Ne5 1-0


[Site "https://www.chess.com"]

[Event "Titled Tuesday Blitz February 28 Early 2023"]
[White "Llanos, Guillermo"]
[Black "Jaskolka, Tomasz"]
[WhiteFideId "100358"]
[BlackFideId "1170791"]
[WhiteElo "2225"]
[BlackElo "2155"]
[Result "1/2-1/2"]
[Round "11"]
[TimeControl "180+2"]
[Date "2023.02.28"]
[WhiteClock "0:01:16"]
[BlackClock "0:00:08"]

1. Nf3 d5 2. g3 Nd7 3. d4 Nb6 4. Bg2 Nf6 5. O-O Bf5 6. a4 a5 7. b3 e6 8. Nbd2 Be7 9. Bb2 Ne4 10. Nxe4 Bxe4 11. Nd2 Bxg2 12. Kxg2 h5 13. h3 h4 14. g4 f5 15. e3 Bd6 16. Qf3 Qg5 17. Kh1 fxg4 18. Qxg4 Qxg4 19. hxg4 Ke7 20. f4 Nd7 21. g5 g6 22. c4 c6 23. c5 Bc7 24. Bc3 b6 25. b4 axb4 26. Bxb4 bxc5 27. dxc5 Rhb8 28. Rfb1 Ba5 29. Bxa5 Rxb1+ 30. Rxb1 Rxa5 31. Rb7 Rxa4 32. Nb3 Kd8 33. Nd4 Nxc5 34. Nxc6+ Kc8 35. Rg7 Nd7 36. Ne7+ Kc7 37. Nxg6 Kd6 38. Nxh4 d4 39. exd4 Rxd4 40. Ng6 Nb6 41. Kg2 Nd5 42. Kf3 Rd3+ 43. Ke4 Re3+ 44. Kd4 Rf3 45. Rf7 Nxf4 46. Rxf4 e5+ 47. Ke4 Rxf4+ 48. Nxf4 exf4 49. Kxf4 Ke6 50. Ke4 Kf7 51. Kf5 Kg7 52. Kf4 Kg6 53. Kg4 Kg7 54. Kf5 Kf7 55. g6+ Kg7 56. Kg5 Kg8 57. Kf6 Kf8 58. Ke6 Kg7 59. Kf5 Kg8 60. Kg5 Kg7 61. Kf5 Kg8 62. Kf6 Kf8 63. g7+ Kg8 64. Kg6 1/2-1/2


[Site "https://www.chess.com"]

[Event "Titled Tuesday Blitz February 28 Early 2023"]
[White "Derjabin, Ilja"]
[Black "Todorovic, Bojan"]
[WhiteFideId "14104768"]
[BlackFideId "917087"]
[WhiteElo "2309"]
[BlackElo "2266"]
[Result "1-0"]
[Round "11"]
[TimeControl "180+2"]
[Date "2023.02.28"]
[WhiteClock "0:01:54"]
[BlackClock "0:00:59"]

1. d4 Nf6 2. c4 g6 3. Nc3 Bg7 4. e4 d6 5. Nge2 O-O 6. Ng3 c5 7. d5 e6 8. Be2 exd5 9. cxd5 h5 10. O-O Nbd7 11. Bg5 a6 12. a4 Qc7 13. f4 Nh7 14. Bh4 Ndf6 15. h3 Bd7 16. e5 dxe5 17. d6 Qb6 18. fxe5 Ne8 19. Nd5 Qxb2 20. Rb1 Qxe5 21. Rxb7 Qd4+ 22. Qxd4 Bxd4+ 23. Kh1 Be6 24. Ne7+ Kh8 25. d7 Nd6 26. Rb6 Nc4 27. Rxe6 fxe6 28. Nxg6+ Kg7 29. Nxf8 Nxf8 30. Nxh5+ 1-0


[Site "https://www.chess.com"]

[Event "Titled Tuesday Blitz February 28 Early 2023"]
[White "Sarkar, Justin"]
[Black "Ilkhomi, Jaloliddin"]
[WhiteFideId "2010011"]
[BlackFideId "14700948"]
[WhiteElo "2189"]
[BlackElo "2045"]
[Result "1-0"]
[Round "11"]
[TimeControl "180+2"]
[Date "2023.02.28"]
[WhiteClock "0:01:36"]
[BlackClock "0:01:19"]

1. e4 c5 2. Nf3 e6 3. b4 b6 4. bxc5 bxc5 5. Nc3 Bb7 6. Rb1 Qc8 7. Be2 g6 8. O-O Bg7 9. Nb5 Qc6 10. e5 Bxe5 11. d4 cxd4 12. Nbxd4 Bxd4 13. Qxd4 f6 14. Ba3 e5 15. Qb4 d6 16. Bb5 Ne7 17. Bxc6+ Bxc6 18. Qxb8+ Rxb8 19. Rxb8+ Kd7 20. Rxh8 Nf5 21. Rxh7+ 1-0


[Site "https://www.chess.com"]

[Event "Titled Tuesday Blitz February 28 Early 2023"]
[White "Martin Carmona, Gaston Manuel"]
[Black "Sliwicki, Damian"]
[WhiteFideId "22284567"]
[BlackFideId "1127128"]
[WhiteElo "2245"]
[BlackElo "1988"]
[Result "1-0"]
[Round "11"]
[TimeControl "180+2"]
[Date "2023.02.28"]
[WhiteClock "0:00:56"]
[BlackClock "0:00:02"]

1. Nf3 g6 2. d4 Bg7 3. c4 c5 4. d5 e5 5. e4 d6 6. h3 Ne7 7. Nc3 O-O 8. Bd3 f5 9. O-O f4 10. Rb1 h6 11. a3 g5 12. Nh2 Ng6 13. Be2 Nd7 14. Bg4 Nf6 15. Bxc8 Qxc8 16. f3 Nh5 17. Bd2 Kh7 18. Rc1 Ng3 19. Rf2 b6 20. Nb5 Qd7 21. b4 a6 22. Nc3 cxb4 23. axb4 Rfc8 24. Na4 Rab8 25. c5 bxc5 26. bxc5 dxc5 27. Nxc5 Qb5 28. Ne6 Qd3 29. Rxc8 Rxc8 30. Nf1 Bf6 31. Qe1 Be7 32. Bb4 Rc2 33. Rxc2 Bxb4 34. Rc7+ Kh8 35. Rc8+ Kh7 36. Rc7+ Kg8 37. Qa1 Bd6 38. Rg7+ Kh8 39. Rxg6 1-0


[Site "https://www.chess.com"]

[Event "Titled Tuesday Blitz February 28 Early 2023"]
[White "Starozhilov, Leonid"]
[Black "Delgado Rosas, Fatima Alexandra"]
[WhiteFideId "14106752"]
[BlackFideId "6603963"]
[WhiteElo "2414"]
[BlackElo "2348"]
[Result "1-0"]
[Round "11"]
[TimeControl "180+2"]
[Date "2023.02.28"]
[WhiteClock "0:00:40"]
[BlackClock "0:00:26"]

1. e4 c6 2. d4 d5 3. e5 c5 4. c3 Nc6 5. Be3 Bf5 6. Nf3 e6 7. a3 cxd4 8. cxd4 Nge7 9. Nc3 h6 10. Qb3 Qb6 11. Qxb6 axb6 12. Nb5 Kd7 13. Nd6 Bg6 14. Rc1 Nf5 15. Nxb7 Nxe3 16. fxe3 Rc8 17. Bb5 Rc7 18. Rxc6 Rxc6 19. Nd8 Kxd8 20. Bxc6 Be7 21. Kd2 Kc7 22. Rc1 Kb8 23. Bb5 Rc8 24. Rxc8+ Kxc8 25. Bd3 Bxd3 26. Kxd3 Kc7 27. e4 Kc6 28. Ne1 dxe4+ 29. Kxe4 Kb5 30. Kd3 Ka4 31. Kc2 Bg5 32. Kc3 Be3 33. Nc2 Bg1 34. h3 Kb5 35. b3 Bf2 36. a4+ Ka5 37. Na3 Be1+ 38. Kc4 f6 39. exf6 gxf6 40. g4 f5 41. gxf5 exf5 42. Nc2 Bh4 43. Nb4 f4 44. Nc6+ Ka6 45. Ne5 Bf6 46. Nf3 Kb7 47. Kb5 Be7 48. b4 Kc7 49. a5 bxa5 50. bxa5 Kb7 51. a6+ Kc7 52. d5 Bf8 53. Nd4 Kb8 54. Kb6 Bg7 55. a7+ Ka8 56. Nb5 Be5 57. d6 Bxd6 58. Nxd6 f3 59. Ne8 f2 60. Nc7# 1-0


[Site "https://www.chess.com"]

[Event "Titled Tuesday Blitz February 28 Early 2023"]
[White "Shuvalov, Evgenij"]
[Black "Pinheiro, Iung Alicio de O."]
[WhiteFideId "4187237"]
[BlackFideId "2104350"]
[WhiteElo "2080"]
[BlackElo "2283"]
[Result "0-1"]
[Round "11"]
[TimeControl "180+2"]
[Date "2023.02.28"]
[WhiteClock "0:00:02"]
[BlackClock "0:00:14"]

1. Nf3 d5 2. c4 d4 3. b4 g5 4. Bb2 Bg7 5. Nxg5 e5 6. Nh3 Qh4 7. g3 Qh5 8. Ng1 c5 9. bxc5 Nc6 10. d3 f5 11. Nd2 Nf6 12. e4 dxe3 13. fxe3 Qh6 14. Qe2 Ng4 15. e4 Ne3 16. Nb3 f4 17. gxf4 Nd4 18. Nxd4 exd4 19. Qf2 Bf6 20. h4 Bg4 21. Be2 Rg8 22. Kd2 Bd8 23. Bxd4 Bxe2 24. Nxe2 Ng4 25. Qf3 Ba5+ 26. Bc3 Bc7 27. e5 O-O-O 28. Rab1 Qa6 29. Rb2 b6 30. Qa8+ Kd7 0-1


[Site "https://www.chess.com"]

[Event "Titled Tuesday Blitz February 28 Early 2023"]
[White "Berezin, Viktor"]
[Black "Chernomordik, Pavel"]
[WhiteFideId "14107872"]
[BlackFideId "2804530"]
[WhiteElo "2310"]
[BlackElo "2193"]
[Result "0-1"]
[Round "11"]
[TimeControl "180+2"]
[Date "2023.02.28"]
[WhiteClock "0:00:06"]
[BlackClock "0:00:19"]

1. d4 g6 2. Nf3 Bg7 3. g3 d6 4. Bg2 Nf6 5. O-O O-O 6. a4 a5 7. Nc3 d5 8. Ne5 c6 9. Re1 Nfd7 10. Nxd7 Nxd7 11. e4 dxe4 12. Nxe4 Nf6 13. Nc5 Nd7 14. Nb3 Nb6 15. c3 Nd5 16. Nc5 b6 17. Nd3 Ba6 18. Ne5 Rc8 19. Qf3 e6 20. h4 c5 21. h5 cxd4 22. cxd4 Nb4 23. Rd1 Nc2 24. Qg4 Nxa1 25. hxg6 hxg6 26. Bg5 Bf6 27. Bxf6 Qxf6 28. Nd7 Qf5 29. Qxf5 gxf5 30. Nxf8 Nb3 31. Nd7 Be2 32. Re1 Nxd4 33. Nxb6 Rb8 34. Nd7 Rxb2 35. Ne5 f6 36. Nc6 Nf3+ 37. Bxf3 Bxf3 38. Nd4 Bd5 39. Nxe6 Ra2 40. Nf4 Be4 41. Nh5 Kf7 42. Rc1 Rxa4 43. Nf4 Rb4 44. Rc7+ Ke8 45. Ra7 Rb1+ 46. Kh2 Rh1# 0-1


[Site "https://www.chess.com"]

[Event "Titled Tuesday Blitz February 28 Early 2023"]
[White "Tologon tegin, Semetei"]
[Black "Buchenau, Frank"]
[WhiteFideId "13800574"]
[BlackFideId "4604350"]
[WhiteElo "2247"]
[BlackElo "2157"]
[Result "1-0"]
[Round "11"]
[TimeControl "180+2"]
[Date "2023.02.28"]
[WhiteClock "0:02:39"]
[BlackClock "0:02:15"]

1. d4 e6 2. c4 Nf6 3. Nc3 Bb4 4. Bd2 b6 5. Rc1 Bb7 6. e3 O-O 7. Nf3 c5 8. Bd3 cxd4 9. Nxd4 Bxg2 10. Rg1 Bxc3 11. Bxc3 Be4 12. Bxe4 Nxe4 13. Qg4 1-0


[Site "https://www.chess.com"]

[Event "Titled Tuesday Blitz February 28 Early 2023"]
[White "Janaszak, Dawid"]
[Black "Nur-Mukhametova, Alisa"]
[WhiteFideId "1119206"]
[BlackFideId "54117739"]
[WhiteElo "2220"]
[BlackElo "2007"]
[Result "1-0"]
[Round "11"]
[TimeControl "180+2"]
[Date "2023.02.28"]
[WhiteClock "0:00:45"]
[BlackClock "0:00:02"]

1. e4 e6 2. b3 d5 3. Bb2 dxe4 4. Nc3 Nf6 5. Qe2 Nbd7 6. g4 b6 7. Bg2 Bb7 8. g5 Nd5 9. Nxd5 exd5 10. h4 Qe7 11. O-O-O O-O-O 12. Nh3 f5 13. Nf4 Rg8 14. h5 Ne5 15. Kb1 Qd6 16. d3 Nf3 17. dxe4 Qxf4 18. Bxf3 fxe4 19. Bg4+ Kb8 20. Be6 Rh8 21. Rhg1 Qd6 22. Qg4 h6 23. g6 Re8 24. Bf7 Rd8 25. c4 c6 26. Qf5 Ka8 27. Be5 Qd7 28. Be6 Qe7 29. cxd5 cxd5 30. Bb2 Qd6 31. Qf7 Be7 32. Bxg7 Rhg8 33. Bxh6 Qe5 34. f4 Rge8 35. fxe5 1-0


[Site "https://www.chess.com"]

[Event "Titled Tuesday Blitz February 28 Early 2023"]
[White "Cella, Glaucio Dalla Cortt"]
[Black "Toktomushev, Teimur"]
[WhiteFideId "2119455"]
[BlackFideId "14176726"]
[WhiteElo "2011"]
[BlackElo "2106"]
[Result "1-0"]
[Round "11"]
[TimeControl "180+2"]
[Date "2023.02.28"]
[WhiteClock "0:00:49"]
[BlackClock "0:00:03"]

1. e4 c5 2. Nf3 e6 3. c3 d5 4. exd5 Qxd5 5. Bb5+ Bd7 6. c4 Qe4+ 7. Qe2 Qxe2+ 8. Kxe2 Nc6 9. d3 Bd6 10. Nbd2 a6 11. Ba4 Nd4+ 12. Nxd4 Bxa4 13. b3 Bd7 14. Nc2 Bc6 15. Bb2 f6 16. Ne4 Bxe4 17. dxe4 Ne7 18. Ne3 Nc6 19. g3 Be5 20. Bxe5 Nxe5 21. f4 Nc6 22. Nc2 h5 23. Rad1 Ke7 24. Rd2 Rad8 25. Rhd1 h4 26. g4 b6 27. Rxd8 Nxd8 28. Rxd8 Rxd8 29. Ne1 Rd4 30. Ke3 Rd1 31. Nf3 Ra1 32. Nxh4 Rxa2 33. Nf3 Ra3 34. Nd2 b5 35. Kd3 Ra2 36. e5 fxe5 37. fxe5 Kf7 38. Ne4 Rxh2 39. cxb5 Rh3+ 40. Kc4 axb5+ 41. Kxb5 Rxb3+ 42. Kxc5 Rf3 43. Ng5+ 1-0


[Site "https://www.chess.com"]

[Event "Titled Tuesday Blitz February 28 Early 2023"]
[White "Belov, Alexei"]
[Black "Hoffmann, Asa"]
[WhiteFideId "4128206"]
[BlackFideId "2001470"]
[WhiteElo "2497"]
[BlackElo "2117"]
[Result "0-1"]
[Round "11"]
[TimeControl "180+2"]
[Date "2023.02.28"]
[WhiteClock "0:01:08"]
[BlackClock "0:01:29"]

1. e4 d6 2. d4 Nf6 3. Nc3 c6 4. Nf3 Bg4 5. h3 Bh5 6. Bc4 e6 7. a4 d5 8. Bd3 Bb4 9. e5 Ne4 10. Bd2 Nxd2 11. Qxd2 Bxf3 12. gxf3 Qa5 13. f4 g6 14. h4 h5 15. Ke2 c5 16. dxc5 Qxc5 17. Bb5+ Nc6 18. Qd3 Bxc3 19. Qxc3 Qxc3 20. bxc3 Rc8 21. a5 a6 22. Ba4 Ke7 23. Bxc6 Rxc6 24. Rhb1 Rb8 25. Ra3 Rc4 26. Rb4 Rxb4 27. cxb4 Rc8 28. Kd3 Rc4 29. Rc3 Rxb4 30. Rc7+ Kf8 31. c3 Rxf4 32. Rxb7 Rxh4 33. Ra7 Ra4 34. Rxa6 h4 35. Ke3 Rc4 36. Kf3 Rxc3+ 37. Kg2 Kg7 38. Ra8 Ra3 39. a6 Kh6 40. a7 Kg5 41. Kh2 d4 42. f3 d3 43. Kh3 d2 44. Rd8 Rxf3+ 45. Kg2 Ra3 46. Rxd2 Rxa7 0-1


[Site "https://www.chess.com"]

[Event "Titled Tuesday Blitz February 28 Early 2023"]
[White "Boraso, Alessio"]
[Black "Omelja, Artem"]
[WhiteFideId "848077"]
[BlackFideId "14119846"]
[WhiteElo "2286"]
[BlackElo "2404"]
[Result "1-0"]
[Round "11"]
[TimeControl "180+2"]
[Date "2023.02.28"]
[WhiteClock "0:00:04"]
[BlackClock "0:00:06"]

1. c4 e5 2. g3 Nf6 3. Bg2 Be7 4. Nc3 O-O 5. e3 d6 6. Nge2 c6 7. O-O Nbd7 8. d4 Qc7 9. b3 Re8 10. Bb2 Bf8 11. Rc1 a5 12. a3 b6 13. d5 c5 14. Qd2 Ba6 15. a4 g6 16. Rce1 Bg7 17. f4 Re7 18. h3 Rae8 19. f5 Nf8 20. g4 g5 21. Ng3 h6 22. Be4 N8h7 23. Kf2 Bc8 24. Ke2 Bd7 25. Kd1 Nxe4 26. Ncxe4 f6 27. Rh1 Kf7 28. Re2 Rh8 29. Reh2 Ree8 30. h4 gxh4 31. Rxh4 Ng5 32. Nxg5+ hxg5 33. Rxh8 Rxh8 34. Rxh8 Bxh8 35. Qh2 Bg7 36. Qh5+ Kf8 37. Qh7 Be8 38. Ne4 Bf7 39. Ke2 Bg8 40. Qg6 Bf7 41. Qh7 Bg8 42. Qh5 Qe7 43. Kf3 Bf7 44. Qh7 Bg8 45. Qh3 Qd8 46. Bc3 Ke7 47. Bd2 Bf7 48. Nc3 Qg8 49. e4 Be8 50. Ne2 Bf8 51. Ng3 Kd8 52. Bc1 Kc7 53. Be3 Be7 54. Nh5 Qh7 55. Kg3 Bf7 56. Kg2 Bd8 57. Bf2 Be7 58. Be1 Bd8 59. Bc3 Bxh5 60. gxh5 Be7 61. Qg4 Bf8 62. Kf3 Bh6 63. Qh3 Qf7 64. Kg4 Qe7 65. Qe3 Qd7 66. Qe1 Kb7 67. Bxa5 bxa5 68. Qxa5 Kb8 69. Qb6+ Kc8 70. a5 Qc7 71. Qa6+ Kb8 72. Qb5+ Ka7 73. b4 cxb4 74. Qxb4 Bf8 75. Qb5 Qb7 76. Qe8 Bh6 77. Qh8 Bg7 78. Qg8 Bh6 79. Qd8 Qb4 80. Qc7+ Ka6 81. c5 Qxc5 82. Qxc5 dxc5 83. d6 Bf8 84. d7 Be7 85. h6 c4 86. h7 c3 87. h8=Q c2 88. Qa8+ Kb5 89. Qb7+ Kxa5 90. Qc7+ Kb5 91. Qxc2 Kb6 92. Qc8 1-0


[Site "https://www.chess.com"]